 Dungeon Crawl Stone Soup version 0.18.1-50-g88ac8fd (webtiles) character file.

17594 Monkfish the Unseen (level 12, -8/77 HPs)
             Began as a Kobold Berserker on Oct 25, 2016.
             Was an Elder of Trog.
             Mangled by an orc warrior
             ... wielding a +0 halberd
              (18 damage)
             ... on level 1 of the Orcish Mines.
             The game lasted 00:48:07 (16574 turns).

Monkfish the Unseen (Kobold Berserker)             Turns: 16574, Time: 00:48:08

Health: -8/77      AC:  5    Str: 17    XL:     12   Next: 84%
Magic:  0/15       EV: 21    Int:  5    God:    Trog [****..]
Gold:   693        SH:  7    Dex: 19    Spells: 0 memorised, 11 levels left

rFire  + . .     SeeInvis +     o - +1 dagger (vamp)
rCold  + + +     Gourm    .     F - +0 leather armour {rC+}
rNeg   + + .     Faith    .     h - +0 buckler
rPois  +         Spirit   +     N - +0 hat {MR+}
rElec  +         Dismiss  .     (no cloak)
rCorr  +         Reflect  .     i - +0 pair of gloves
SustAt .         Harm     .     d - +0 pair of boots
MR     +....                    G - amulet of guardian spirit
Stlth  ++++++++..               J - ring "Ixiurph" {Wiz +Inv rN+ SInv}
                                E - ring of Vahu {rC+ rN+}

@: exhausted, resistant, very slightly contaminated, slowed, drained, very slow,
somewhat resistant to hostile enchantments, extraordinarily stealthy
A: carnivore 3
a: Berserk, Trog's Hand, Brothers in Arms, Burn Spellbooks, Renounce Religion,
Evoke Invisibility


You were on level 1 of the Orcish Mines.
You worshipped Trog.
Trog was greatly pleased with you.
You were full.

You visited 3 branches of the dungeon, and saw 15 of its levels.
You also visited: Labyrinth.

You collected 693 gold pieces.

Inventory:

Hand Weapons
 o - a +1 vampiric dagger (weapon)
 A - a +0 dagger of pain
Armour
 d - a +0 pair of boots (worn)
 h - a +0 buckler (worn)
 i - a +0 pair of gloves (worn)
 F - a +0 leather armour of cold resistance (worn)
 M - the +2 cloak of the Thief {+Fog Slay-2 SInv Stlth+}
   (You found it in a labyrinth)

   It affects your accuracy and damage with ranged weapons and melee attacks
   (-2).
   It lets you see invisible.
   It can be evoked to emit clouds of fog.
   It makes you more stealthy.
 N - a +0 hat of magic resistance (worn)
 P - a +0 mottled dragon armour
Jewellery
 e - a +3 ring of strength
 u - an uncursed ring of protection from magic
 E - the ring of Vahu (left hand) {rC+ rN+}
   (You took it off a minotaur in a labyrinth)

   [ring of positive energy]

   It protects you from cold.
   It protects you from negative energy.
 G - an amulet of guardian spirit (around neck)
 J - the ring "Ixiurph" (right hand) {Wiz +Inv rN+ SInv}
   (You found it in a labyrinth)

   [ring of wizardry]

   It improves your spell success rate.
   It protects you from negative energy.
   It lets you see invisible.
   It lets you turn invisible.
Wands
 f - a wand of lightning (0/15)
 n - a wand of iceblast (0/15)
 v - a wand of hasting (7/9)
 I - a wand of flame (20/48)
 K - a wand of digging (15/24)
Scrolls
 j - 4 scrolls of fog
 w - 4 scrolls of remove curse
 x - 3 scrolls of magic mapping
Potions
 a - a potion of agility
 k - 4 potions of cure mutation
 l - 3 potions of berserk rage
 q - a potion of magic
 r - a potion of haste
 s - 2 potions of resistance
Miscellaneous
 t - a lamp of fire
Comestibles
 c - a meat ration
 g - 2 royal jellies
 p - 3 slices of pizza
 z - 8 chunks of flesh
 B - 6 beef jerkies


   Skills:
 + Level 9.9(9.6) Fighting
 + Level 10.1(9.8) Short Blades
 - Level 1.5(1.3) Armour
 * Level 8.6(8.3) Dodging
 * Level 17.4(17.0) Stealth
 - Level 5.8(5.5) Shields
 + Level 4.0(3.7) Evocations


You had 11 spell levels left.
You didn't know any spells.

Dungeon Overview and Level Annotations

Branches:
Dungeon (12/15)            Temple (0/1) D:5            Lair (2/8) D:10
    Orc (1/2) D:9

Altars:
Ashenzari
Cheibriados
Dithmenos
Elyvilon
Okawaru
Qazlal
Sif Muna
Vehumet
Xom
Yredelemnul

Shops:
D:5 =   D:6 (   D:7 [   D:9 !


Innate Abilities, Weirdness & Mutations

You are small and have problems with some larger weapons.
You are carnivorous and can eat meat at any time.


Message History

The gnoll shouts!
The sixfirhy disappears in a puff of smoke!
You feel the effects of Trog's Hand fading.
The red devil misses you.
An orc comes into view.
An orc comes into view. It is wielding a dagger.
The red devil hits you from afar with a trident!!
* * * LOW HITPOINT WARNING * * *
The orc sorcerer gestures wildly while chanting.
The red devil disappears in a puff of smoke!
Drink which item? (? for menu, Esc to quit)
Okay, then.
Read which item? (? for menu, Esc to quit)
As you read the scroll of fog, it crumbles to dust.
The scroll dissolves into smoke.
Your skin stops crawling.
You feel less resistant to hostile enchantments.
The neqoxec barely misses you.
The orc warrior hits you from afar with a halberd!!
You die...

##.........##
#...........####
##.g##.......#.# .
#...g##......... ....
##...........$.###...
#.........#.....#....
##.#g#o........#.....
##§§§o§........#....
##@3§............).
##§§......>.....).
..§......$.....).
...#..........4.)#
#.#.##...........##
.....##.........o.#
o....o ........#o...
... ...............4§
...$...4#.


You could see a neqoxec, an orc sorcerer, an orc warrior, a gnoll and an orc
(wandering).

Vanquished Creatures
  A minotaur (Lab)
  An unseen horror (D:11)
  A hill giant (D:10)
  A wizard (D:10)
  An orc sorcerer (Orc:1)
  A deep elf mage (D:12)
  2 centaur zombies
  3 spiny frogs
  2 komodo dragons
  A rime drake (Lair:2)
  A troll (Orc:1)
  2 two-headed ogres (D:11)
  A slime creature (D:12)
  5 blink frogs (Lair:1)
  Sigmund (D:3)
  6 yaks (D:6)
  Grum (D:9)
  4 hippogriffs
  2 hungry ghosts
  Edmund (D:5)
  4 water moccasins
  A porcupine (Lair:1)
  4 orc warriors
  3 sky beasts
  2 hell hounds (D:10)
  6 ogres
  5 necrophages
  5 ice beasts
  A black bear (D:9)
  3 phantoms
  An eye of draining (D:11)
  A wasp (D:11)
  The ghost of Rationalist the Chopper, an amateur DsGl (D:3)
  2 centaurs
  6 wolves
  4 big kobolds (D:11)
  6 giant frogs
  An earth elemental (Lab)
  5 scorpions
  19 killer bees
  8 wights
  A howler monkey (D:4)
  8 crimson imps
  A giant frog zombie (D:9)
  8 hounds
  3 jellies
  2 quasits
  3 centaur skeletons
  A gnoll shaman (D:5)
  12 orc priests
  14 orc wizards
  2 giant frog skeletons
  4 iguanas
  3 worker ants
  2 hound zombies
  A hound skeleton (D:6)
  2 mummies (D:9)
  A howler monkey zombie (D:9)
  A worker ant zombie (D:8)
  6 gnolls
  6 adders
  7 river rats
  5 shadow imps
  2 oozes
  2 adder skeletons
  A worm (D:4)
  4 dart slugs
  6 giant geckos
  30 orcs
  2 ball pythons
  6 giant cockroaches
  5 goblins
  11 hobgoblins
  11 jackals
  5 quokkas
  10 bats
  5 giant newts
  10 kobolds
  2 quokka skeletons (D:4)
  10 rats
341 creatures vanquished.

Vanquished Creatures (collateral kills)
  A slime creature (D:12)
  3 yaks (Lair:1)
  An ogre (Orc:1)
  2 orc priests (Orc:1)
  An orc wizard (Orc:1)
  3 orcs (Orc:1)
11 creatures vanquished.

Grand Total: 352 creatures vanquished

Notes
Turn   | Place    | Note
--------------------------------------------------------------
     0 | D:1      | Monkfish the Kobold Berserker began the quest for the Orb.
     0 | D:1      | Reached XP level 1. HP: 14/14 MP: 1/1
   135 | D:1      | Reached XP level 2. HP: 14/19 MP: 2/2
   831 | D:1      | Reached XP level 3. HP: 11/24 MP: 3/3
  1079 | D:1      | Reached skill level 1 in Stealth
  1276 | D:1      | Reached ** piety under Trog
  1448 | D:2      | Reached skill level 2 in Stealth
  1465 | D:2      | Reached XP level 4. HP: 24/29 MP: 4/4
  1580 | D:2      | Found a shimmering altar of Xom.
  1694 | D:2      | Reached skill level 5 in Short Blades
  1700 | D:2      | Found an iron altar of Okawaru.
  1783 | D:2      | Found a shimmering altar of Xom.
  1793 | D:2      | Found a shimmering altar of Xom.
  1874 | D:2      | Found a shimmering altar of Xom.
  1875 | D:2      | Reached XP level 5. HP: 34/34 MP: 5/5
  2139 | D:3      | Reached skill level 3 in Stealth
  2167 | D:3      | You fall through a shaft for 3 floors!
  2186 | D:6      | Noticed a sky beast
  2218 | D:5      | Entered Level 5 of the Dungeon
  2233 | D:5      | Killed a sky beast
  2233 | D:5      | Reached skill level 4 in Stealth
  2233 | D:5      | Reached XP level 6. HP: 13/40 MP: 6/6
  2377 | D:5      | Noticed a sky beast
  2386 | D:5      | Killed a sky beast
  2386 | D:5      | Reached skill level 5 in Fighting
  2386 | D:5      | Reached skill level 5 in Stealth
  2464 | D:4      | Reached XP level 7. HP: 44/44 MP: 7/7
  2641 | D:4      | Reached skill level 6 in Stealth
  2915 | D:3      | Reached *** piety under Trog
  2953 | D:3      | Noticed Sigmund
  2967 | D:3      | Killed Sigmund
  2967 | D:3      | Reached skill level 7 in Stealth
  3405 | D:3      | Found a white marble altar of Elyvilon.
  3678 | D:3      | Found a shadowy altar of Dithmenos.
  3693 | D:3      | Noticed Rationalist's ghost (amateur DsGl)
  3714 | D:3      | Killed Rationalist's ghost
  3714 | D:3      | Reached XP level 8. HP: 51/51 MP: 8/8
  4125 | D:4      | Found a deep blue altar of Sif Muna.
  4599 | D:5      | Found Cesaf's Jewellery Boutique.
  4626 | D:5      | Reached skill level 8 in Stealth
  4994 | D:5      | Reached **** piety under Trog
  5043 | D:5      | Reached skill level 9 in Stealth
  5132 | D:5      | Reached skill level 10 in Stealth
  5158 | D:5      | Found a staircase to the Ecumenical Temple.
  5242 | D:5      | Noticed Edmund
  5263 | D:5      | Killed Edmund
  5263 | D:5      | Reached XP level 9. HP: 56/56 MP: 9/9
  5346 | D:5      | Reached skill level 1 in Shields
  5534 | D:5      | Reached skill level 11 in Stealth
  5694 | D:6      | Found Emeaqoifi's Antique Weapon Emporium.
  6007 | D:6      | Reached skill level 12 in Stealth
  6074 | D:6      | Reached XP level 10. HP: 13/63 MP: 10/10
  6804 | D:7      | Found a radiant altar of Vehumet.
  6922 | D:7      | Reached skill level 13 in Stealth
  7605 | D:7      | Found Beaf Doc's Armour Shop.
  7814 | D:7      | Found a basalt altar of Yredelemnul.
  7849 | D:7      | Found a snail-covered altar of Cheibriados.
  7852 | D:7      | Found a shattered altar of Ashenzari.
  8370 | D:8      | Found a stormy altar of Qazlal.
  9970 | D:9      | Reached skill level 1 in Evocations
  9976 | D:9      | Noticed Grum
 10001 | D:9      | Killed Grum
 10001 | D:9      | Reached skill level 14 in Stealth
 10084 | D:9      | Reached skill level 10 in Short Blades
 10143 | D:9      | Reached XP level 11. HP: 60/69 MP: 12/12
 10181 | D:9      | Found Qixiurha's Distillery.
 10572 | D:9      | Found a staircase to the Orcish Mines.
 11220 | D:10     | Entered Level 10 of the Dungeon
 11467 | D:10     | Noticed a hill giant
 11513 | D:10     | Killed a hill giant
 11550 | D:10     | Found a staircase to the Lair.
 11586 | D:10     | Reached skill level 15 in Stealth
 11727 | D:10     | Reached skill level 5 in Shields
 12025 | D:10     | Noticed a wizard
 12031 | D:10     | Killed a wizard
 12852 | D:11     | Reached skill level 16 in Stealth
 13204 | D:11     | Noticed a five-headed hydra
 13304 | Lair:1   | Entered Level 1 of the Lair of Beasts
 13361 | Lair:1   | Found a labyrinth entrance.
 13397 | Lab      | Entered a labyrinth
 13622 | Lab      | Found an exit through the horrors of the Abyss.
 13678 | Lab      | Reached XP level 12. HP: 76/76 MP: 14/14
 13752 | Lab      | Found an exit through the horrors of the Abyss.
 13829 | Lab      | Found an exit through the horrors of the Abyss.
 13974 | Lab      | Noticed a minotaur
 13999 | Lab      | Killed a minotaur
 14001 | Lab      | Got a clouded amber ring
 14045 | Lab      | Got a steaming copper ring
 14128 | Lair:1   | Reached skill level 5 in Dodging
 14360 | Lair:1   | Identified the ring of Vahu {rC+ rN+} (You took it off a minotaur in a labyrinth)
 14361 | Lair:1   | Identified the ring "Ixiurph" {Wiz +Inv rN+ SInv} (You found it in a labyrinth)
 14760 | Lair:1   | Reached skill level 17 in Stealth
 15646 | D:11     | Noticed an unseen horror
 15662 | D:11     | Killed an unseen horror
 16210 | Orc:1    | Entered Level 1 of the Orcish Mines
 16516 | Orc:1    | Noticed a sun demon
 16574 | Orc:1    | Mangled by an orc warrior

Skill      XL: |  1  2  3  4  5  6  7  8  9 10 11 12 |
---------------+-------------------------------------+-----
Stealth        | 2 4 5 7 10 12 14 16 17 | 17.4
Fighting       | 4 5 6 7 8 9 |  9.9
Short Blades   | 5 6 7 8 10 | 10.1
Shields        | 2 3 5 |  5.8
Evocations     | 1 3 4 |  4.0
Dodging        | 3 8 |  8.6
Armour         | |  1.5

Action                   |  1- 3 |  4- 6 |  7- 9 | 10-12 || total
-------------------------+-------+-------+-------+-------++-------
Melee: Short sword       |    96 |   159 |    47 |       ||   302
       Dagger            |       |       |   449 |  1783 ||  2232
Invok: Berserk           |     1 |     4 |    10 |    33 ||    48
       Trog's Hand       |       |     2 |    10 |    22 ||    34
       Burn Spellbooks   |       |       |       |     3 ||     3
       Brothers in Arms  |       |       |       |     4 ||     4
Evoke: Wand              |       |       |       |    36 ||    36
  Use: Scroll            |     3 |     4 |     5 |    28 ||    40
       Potion            |       |     8 |     5 |     9 ||    22
 Stab: Sleeping          |     3 |     2 |    16 |    51 ||    72
       Distracted        |     1 |       |     3 |     3 ||     7
  Eat: Chunk             |     4 |     6 |    25 |    75 ||   110
       Meat ration       |       |       |     1 |     2 ||     3
Armor: Animal skin       |    11 |    53 |    33 |     7 ||   104
       Leather armour    |       |       |    12 |   146 ||   158
Dodge: Dodged            |    57 |   158 |   167 |   594 ||   976
Block: Buckler           |       |       |    61 |   292 ||   353
